 Dungeon Crawl Stone Soup version 0.29.0-4-gdea44cf6ec (webtiles) character file.

Game seed: 2505185004336603528

270 qw the Chopper (level 6, 0/35 HPs)
             Began as a Tengu Warper on Aug 28, 2022.
             Succumbed to an orc's poison
             ... on level 3 of the Dungeon.
             The game lasted 00:00:17 (2750 turns).

qw the Chopper (Tengu Warper)                       Turns: 2750, Time: 00:00:17

Health: 0/35       AC:  8    Str: 13    XL:     6   Next: 22%
Magic:  10/10      EV:  7    Int: 14    God:
Gold:   126        SH:  0    Dex: 19    Spells: 9/9 levels left

rFire   . . .      SeeInvis .   Y - +0 hand axe (elec)
rCold   . . .      Faith    .   (no shield)
rNeg    . . .      Spirit   .   e - +0 chain mail
rPois   .          Reflect  .   (helmet restricted)
rElec   .          Harm     .   (no cloak)
rCorr   .          Rampage  .   (no gloves)
Will    +....                   (boots unavailable)
Stlth   ..........              (no amulet)
HPRegen 0.11/turn               g - ring of willpower
MPRegen 0.12/turn               j - +6 ring of dexterity

@: lethally poisoned (0 -> -5), flying quickly and evasively, quick
A: beak, talons 3, nimble flight
a: no special abilities


You were on level 3 of the Dungeon.
You visited 1 branch of the dungeon, and saw 4 of its levels.

You collected 126 gold pieces.


Innate Abilities, Weirdness & Mutations

You have a beak for a mouth.
You have claws for feet.
Your magical nature lets you fly swiftly and evasively.


   Skills:
 - Level 2.0 Fighting
 - Level 6.8 Axes
 - Level 1.0 Throwing
 + Level 1.7 Armour
 - Level 2.1 Dodging
 - Level 2.0 Spellcasting
 - Level 2.4 Translocations


You had 9 spell levels left.
You didn't know any spells.
Your spell library contained the following spells:

 Spells                   Type           Power      Damage    Failure   Level
 Blink                    Tloc           16%        N/A       99%         2
 Gell's Gravitas          Tloc           8%         N/A       100%        3
 Lesser Beckoning         Tloc           8%         N/A       100%        3
 Teleport Other           Tloc           8%         N/A       100%        3
 Manifold Assault         Tloc           8%         N/A       100%        5

Inventory:

Hand Weapons
 i - a +0 flail
 Y - a +0 hand axe of electrocution (weapon)
Armour
 e - a +0 chain mail (worn)
Jewellery
 f - an amulet of guardian spirit
 g - a ring of willpower (left hand)
 j - a +6 ring of dexterity (right hand)
 k - a ring of ice
Scrolls
 a - a scroll of identify
Potions
 b - a potion of haste
 c - a potion of attraction {unknown}
 d - 2 potions of might
 h - 2 potions of curing

Dungeon Overview and Level Annotations

Branches:
Dungeon (4/15)
 Temple: D:4-7

Altars:


Message History

The orc hits you but does no damage.
You are poisoned.
You closely miss the orc.
The kobold shouts!
You claw the orc. Your peck misses the orc.
The orc is moderately wounded.
You feel sick.
You hear a shout!
An orc comes into view. It is wielding a +0 short sword.
The orc hits you with a +0 dagger of venom.
You are more poisoned.
You hit the orc but do no damage. Your kick misses the orc.
The orc is moderately wounded.
You feel very sick.
You barely miss the orc. You claw the orc.
The orc is severely wounded.
You feel very sick.
The orc hits you with a +0 dagger of venom.
You are lethally poisoned!
You hit the orc. You claw the orc.
You kill the orc!
You feel very sick.
2744 ||| FLEEEEING.
You hear the brisk rusting of a very distant drain.
You feel very sick.
2745 ||| FLEEEEING.
An orc wizard comes into view. It is wielding a +0 dagger.
You feel very sick.
The orc wizard shouts!
The orc wizard moves out of view.
2746 ||| FLEEEEING.
You feel very sick.
2747 ||| FLEEEEING.
You feel sick.
2748 ||| FLEEEEING.
You feel sick.
2749 ||| FLEEEEING.
You feel sick.
2750 ||| FLEEEEING.
You die...

#.#.# #...# #.#.# .# #.###
#..)# .# #.#.. #..## .#
#.#.# #o.K# #.# #.#.#
##..# #.# #.#.#
#.#####..###.# #.#.#
#...>........# ####.#.#
######.#...@.# ##.##....
##.>..##.# ##.#.###.#
###...#...%######.###....#
#...#####......###.#.#####
#.#...#...####.# ##[##
#.###.#.#.# #.# #.# #.#
#...#.# #.# #.# #
#.####.##.# #.# #.# #
#.##...##.# #.# #.# #


You could see an orc.

Vanquished Creatures
  Pargi (D:3)
  Natasha (twice) (D:3)
  Robin (D:2)
  A gnoll (D:1)
  2 adders
  2 worms
  A dart slug (D:1)
  An orc (D:3)
  4 ball pythons
  8 endoplasms
  3 giant cockroaches (D:1)
  9 hobgoblins
  7 jackals
  2 kobolds
  A quokka (D:2)
  7 bats
  3 frilled lizards
  10 goblins
  7 rats
72 creatures vanquished.

Notes
Turn   | Place    | Note
-------+----------+-------------------------------------------
     0 | D:1      | qw the Tengu Warper began the quest for the Orb.
     0 | D:1      | Reached XP level 1. HP: 12/12 MP: 4/4
     0 | D:1      | 0 ||| qw: Version: 0.1-a-89-g26bdef1
     0 | D:1      | 0 ||| qw: Game counter: 2285
     0 | D:1      | 0 ||| qw: Always use a shield: true
     0 | D:1      | 0 ||| qw: God list: Okawaru
     0 | D:1      | 0 ||| qw: Allow faded altars: false
     0 | D:1      | 0 ||| qw: Do Orc after D:15 true
     0 | D:1      | 0 ||| qw: Do second Lair branch before Depths: true
     0 | D:1      | 0 ||| qw: Lair rune preference: random
     0 | D:1      | 0 ||| qw: Plans: Normal
     0 | D:1      | 0 ||| PLANNING D:1-11
   193 | D:1      | Reached skill level 3 in Axes
   193 | D:1      | Reached XP level 2. HP: 12/17 MP: 6/6
   435 | D:1      | 435 ||| Stepping ~*~*~tactically~*~*~ (stealth).
   438 | D:1      | 438 ||| Stepping ~*~*~tactically~*~*~ (stealth).
   497 | D:1      | 497 ||| Stepping ~*~*~tactically~*~*~ (stealth).
   543 | D:1      | Reached XP level 3. HP: 21/21 MP: 7/7
   603 | D:1      | Reached skill level 4 in Axes
   952 | D:1      | Found a faded altar of an unknown god.
  1099 | D:1      | 1099 ||| UPGRADING to +0 chain mail.
  1109 | D:1      | 1109 ||| DROPPING +0 leather armour.
  1110 | D:1      | 1110 ||| UPGRADING to ring of willpower.
  1111 | D:1      | 1111 ||| UPGRADING to +6 ring of dexterity.
  1112 | D:1      | 1112 ||| READING 5 scrolls labelled CUOJIE HOAVU.
  1113 | D:1      | 1113 ||| READING scroll labelled UQOIPY NIELAK.
  1114 | D:1      | 1114 ||| READING scroll labelled JIENAM HOPTIV.
  1115 | D:1      | 1115 ||| DRINKING 2 coppery potions.
  1116 | D:1      | 1116 ||| DROPPING scroll of blinking.
  1408 | D:2      | Reached XP level 4. HP: 24/26 MP: 8/8
  1453 | D:2      | 1453 ||| Stepping ~*~*~tactically~*~*~ (stealth).
  1778 | D:2      | 1778 ||| Stepping ~*~*~tactically~*~*~ (stealth).
  1808 | D:2      | Reached skill level 5 in Axes
  1827 | D:2      | 1827 ||| FLEEEEING.
  1828 | D:2      | 1828 ||| FLEEEEING.
  1933 | D:2      | 1933 ||| Stepping ~*~*~tactically~*~*~ (stealth).
  1940 | D:2      | Noticed Robin
  1941 | D:2      | 1941 ||| Stepping ~*~*~tactically~*~*~ (hiding).
  1947 | D:2      | Killed Robin
  2216 | D:2      | You fall into a shaft and drop 2 floors!
  2257 | D:4      | 2257 ||| READING scroll labelled IHECHO NIUX.
  2258 | D:4      | 2258 ||| READING 4 scrolls of identify.
  2258 | D:4      | 2258 ||| IDENTIFYING white potion
  2259 | D:4      | 2259 ||| READING 3 scrolls of identify.
  2259 | D:4      | 2259 ||| IDENTIFYING murky yellow potion
  2260 | D:4      | 2260 ||| READING 2 scrolls of identify.
  2260 | D:4      | 2260 ||| IDENTIFYING viscous orange potion
  2261 | D:4      | 2261 ||| DROPPING potion of magic.
  2270 | D:3      | 2270 ||| PLANNING SEWER
  2427 | D:3      | Noticed Natasha
  2429 | D:3      | Killed Natasha
  2430 | D:3      | Gained mutation: Your magical nature lets you fly swiftly
                  | and evasively. [Tengu growth]
  2430 | D:3      | Reached XP level 5. HP: 30/30 MP: 9/9
  2434 | D:3      | 2434 ||| Stepping ~*~*~tactically~*~*~ (hiding).
  2625 | D:3      | Noticed Pargi
  2632 | D:3      | Killed Pargi
  2633 | D:3      | Reached skill level 6 in Axes
  2633 | D:3      | Reached XP level 6. HP: 29/35 MP: 10/10
  2714 | D:3      | Noticed Natasha
  2716 | D:3      | Killed Natasha
  2734 | D:3      | 2734 ||| Stepping ~*~*~tactically~*~*~ (stealth).
  2744 | D:3      | 2744 ||| FLEEEEING.
  2745 | D:3      | 2745 ||| FLEEEEING.
  2746 | D:3      | 2746 ||| FLEEEEING.
  2746 | D:3      | HP: 6/35 [poisoned by an orc]
  2747 | D:3      | 2747 ||| FLEEEEING.
  2748 | D:3      | 2748 ||| FLEEEEING.
  2748 | D:3      | HP: 2/35 [poisoned by an orc]
  2749 | D:3      | 2749 ||| FLEEEEING.
  2750 | D:3      | 2750 ||| FLEEEEING.
  2750 | D:3      | Succumbed to an orc's poison

Levels and vault maps discovered:
D:1:      eino_arrival_druids_welcome, layout_loops_cross,
          basic_ecumenical_altar, chequers_serial_rivers_small_a,
          glass_columns_a, minmay_vboxes
D:2:      layout_basic, uniq_robin
D:3:      layout_loops_ring, portal_sewer_entry_d, nicolae_eternal_life,
          uniq_natasha, uniq_pargi
D:4:      layout_gridville, kennysheep_generic_room_8

Skill      XL: |  1  2  3  4  5 |
---------------+----------------+-----
Axes           | 3 4 5 6 |  6.8
Fighting       | |  2.0
Throwing       | |  1.0
Armour         | |  1.7
Dodging        | |  2.1
Spellcasting   | |  2.0
Translocations | |  2.4

Action                   |  1- 3 |  4- 6 || total
-------------------------+-------+-------++-------
Melee: Hand axe          |    80 |    74 ||   154
       Kick              |    24 |    18 ||    42
       Peck              |    16 |     5 ||    21
       Punch             |     3 |       ||     3
Throw: Boomerang         |     7 |       ||     7
  Use: Scroll            |     3 |     4 ||     7
       Potion            |     1 |       ||     1
Armor: Leather armour    |    18 |       ||    18
       Chain mail        |     7 |    36 ||    43
Dodge: Dodged            |    27 |    18 ||    45

Table legend:
 A = Non-vault XP
 B = Vault XP
 C = Vault XP percentage of total XP
 D = Non-vault monster count
 E = Vault monster count
 F = Vault count percentage of total count
                 A         B        C        D         E       F
            +---------+---------+-------+---------+---------+-------
      Total |     174 |     212 |  54.9 |      56 |      16 |  22.2
            +---------+---------+-------+---------+---------+-------
        D:1 |      57 |      11 |  16.2 |      25 |       5 |  16.7
        D:2 |      48 |      31 |  39.2 |      20 |       9 |  31.0
        D:3 |      67 |     170 |  71.7 |      10 |       2 |  16.7
        D:4 |       2 |       0 |   0.0 |       1 |       0 |   0.0
            +---------+---------+-------+---------+---------+-------
